AoeStats
← Parcero Tico

Arena

505542795Analyzed
4v4 RM · 23d ago on Sep 9, 2026· 42m 43s· 8 players
Game mode
Random Map
Map size
Large (8 player)
Population
200
Speed
Normal
Resources
Standard
Victory
Conquest
Starting age
Dark Age
Ending age
Imperial Age
RankedLock teamsTeams togetherTeam positionsShared explorationLock speedFull tech treeHidden civsTurbo modeCheats
Victory
Defeat
🇲🇽 Huns · Mexico
1995
+8
🇲🇽 Sicilians · Mexico
1865
+12
🇲🇽 Bengalis · Mexico
1780
+16
🇲🇽 Malay · Mexico
1137
+33
🇦🇺 Koreans · Australia
1780
-18
🇨🇳 Tatars · China
1760
-18
🇲🇽 Goths · Mexico
1730
-17
🇷🇺 Maya · Russia
1721
-16
UXKEKO
3:27 Loom
11:55 Feudal Age
15:45 Castle Age
13:39 Double-Bit Axe
13:49 Horse Collar
16:42 Bow Saw
25:04 Wheelbarrow
26:08 Hand Cart
30:01 Imperial Age
27:52 Heavy Plow
28:18 Gold Mining
28:23 Stone Mining
28:59 Scale Mail Armor
29:10 Forging
29:58 Chain Mail Armor
30:23 Stone Shaft Mining
30:45 Masonry
30:53 Squires
30:15 Pikeman
30:17 Man-at-Arms
31:55 Perfusion
31:33 Elite Huskarl
31:51 Long Swordsman
33:00 Conscription
32:44 Anarchy
33:21 Town Watch
33:15 Two-Handed Swordsman
34:43 Iron Casting
33:44 Champion
37:06 Blast Furnace
37:00 Architecture
Kaydos
11:19 Feudal Age
15:17 Castle Age
13:27 Double-Bit Axe
14:06 Horse Collar
16:09 Bow Saw
19:36 Loom
22:20 Fletching
24:08 Bodkin Arrow
30:47 Wheelbarrow
37:11 Imperial Age
35:13 Stone Mining
36:18 Hand Cart
35:49 Town Watch
38:53 Chemistry
38:20 Bracer
38:20 Elite Skirmisher
39:38 Ballistics
40:28 Conscription
Eli
0:25 Loom
10:57 Feudal Age
16:01 Castle Age
14:59 Double-Bit Axe
15:50 Fletching
23:58 Horse Collar
24:55 Town Watch
26:01 Wheelbarrow
25:38 Gold Mining
26:21 Heavy Plow
27:04 Stone Mining
28:12 Bow Saw
32:08 Imperial Age
30:41 Bodkin Arrow
31:52 Hand Cart
32:15 Stone Shaft Mining
32:18 Ballistics
32:37 Padded Archer Armor
33:22 Bracer
35:55 Leather Archer Armor
35:02 Elite Plumed Archer
37:32 Chemistry
38:23 Fortified Wall
37:54 Treadmill Crane
40:49 Ring Archer Armor
42:44 Hoardings
团团团子
10:07 Feudal Age
14:07 Castle Age
13:41 Double-Bit Axe
13:38 Horse Collar
15:13 Bow Saw
16:34 Gold Mining
20:51 Wheelbarrow
20:01 Loom
21:44 Heavy Plow
21:36 Stone Mining
25:17 Hand Cart
25:20 Town Watch
32:51 Imperial Age
31:05 Fletching
31:26 Scale Barding Armor
32:03 Gold Shaft Mining
32:58 Chain Barding Armor
33:24 Forging
32:52 Light Cavalry
33:43 Bloodlines
33:37 Elite Keshik
34:38 Conscription
35:09 Plate Barding Armor
34:36 Husbandry
35:50 Devotion
36:35 Iron Casting
39:28 Silk Armor
39:12 Light Cavalry
39:57 Hussar
41:53 Blast Furnace
41:14 Elite Steppe Lancer
Parcero Tico
11:13 Feudal Age
14:59 Castle Age
13:08 Double-Bit Axe
13:27 Horse Collar
16:01 Bow Saw
15:53 Heavy Plow
21:56 Wheelbarrow
22:17 Stone Mining
24:18 Hand Cart
27:51 Imperial Age
26:04 Scale Mail Armor
27:37 First Crusade
27:31 Forging
28:36 Chain Mail Armor
29:13 Loom
29:14 Town Watch
30:11 Squires
30:51 Conscription
31:29 Plate Mail Armor
31:50 Capped Ram
32:34 Gold Mining
33:39 Iron Casting
32:56 Fletching
33:29 Elite Serjeant
36:16 Blast Furnace
36:17 Siege Ram
40:25 Arson
41:24 Bodkin Arrow
42:12 Ballistics
42:03 Masonry
42:54 Chemistry
42:59 Crop Rotation
VENÓN | Mauricio
6:20 Loom
8:45 Feudal Age
9:25 Double-Bit Axe
12:53 Fletching
21:06 Castle Age
21:24 Horse Collar
22:18 Bow Saw
22:46 Wheelbarrow
22:49 Heavy Plow
23:05 Heavy Plow
27:56 Hand Cart
32:30 Imperial Age
30:22 Gold Mining
30:40 Bodkin Arrow
32:13 Gold Shaft Mining
31:29 Stone Mining
32:48 Ballistics
33:06 Bloodlines
32:57 Husbandry
33:26 Bracer
34:32 Chemistry
35:25 Thumb Ring
35:46 Parthian Tactics
35:29 Heavy Cavalry Archer
37:52 Conscription
38:42 Coinage
40:53 Two-Man Saw
41:02 Caravan
41:32 Banking
41:13 Guilds
41:35 Elite Tarkan
42:19 Marauders
Gerald Genta
8:26 Loom
10:41 Feudal Age
11:26 Double-Bit Axe
15:22 Fletching
16:48 Horse Collar
22:46 Castle Age
22:34 Bodkin Arrow
26:52 Squires
26:37 Arson
31:26 Bow Saw
32:10 Forging
34:36 Wheelbarrow
33:52 Man-at-Arms
38:00 Imperial Age
35:40 Gold Mining
35:43 Crossbowman
36:25 Padded Archer Armor
37:22 Leather Archer Armor
37:14 Arbalester
38:00 Thumb Ring
39:54 Chemistry
39:15 Ballistics
39:06 Bracer
40:12 Conscription
40:13 Pikeman
41:30 Iron Casting
41:25 Ring Archer Armor
VENÓN | BetoxAOE
11:51 Feudal Age
13:35 Wheelbarrow
13:05 Double-Bit Axe
15:44 Castle Age
13:57 Horse Collar
16:12 Town Watch
17:55 Bow Saw
17:48 Heavy Plow
19:58 Loom
23:13 Gold Mining
24:34 Hand Cart
25:55 Gold Shaft Mining
29:25 Imperial Age
27:08 Fletching
27:48 Bodkin Arrow
27:54 Padded Archer Armor
29:04 Ballistics
30:13 Stone Mining
30:33 Bracer
31:35 Chemistry
31:41 Leather Archer Armor
31:09 Treadmill Crane
32:06 Conscription
32:23 Bloodlines
32:14 Husbandry
31:55 Elite Elephant Archer
33:41 Paiks
34:54 Ring Archer Armor
34:31 Scale Barding Armor
34:37 Forging
33:48 Light Cavalry
33:59 Siege Elephant
35:55 Town Patrol
38:30 Chain Barding Armor
38:45 Iron Casting
38:14 Scale Mail Armor
38:50 Iron Casting
39:19 Coinage
38:21 Pikeman
39:01 Squires
38:47 Arson
38:48 Halberdier
41:14 Chain Mail Armor
42:00 Blast Furnace
41:44 Caravan
42:15 Banking
Connection lost

Rejoining the realm…

Still unreachable

The connection could not be restored.

Session expired

The server has moved on; the page needs a fresh start.